 Dungeon Sprint DCSS version 0.27-a0-828-g8289197e94 (webtiles) character file.

Game seed: 11893448767671817167

12461 mhtbhm the Ninja (level 11, -8/58 HPs)
             Began as a Spriggan Brigand on Mar 30, 2021.
             Was the Champion of Dithmenos.
             Mangled by a spriggan rider
             ... wielding a +0 spear
              (28 damage)
             ... in the Dungeon (Sprint IV: "Fedhas' Mad Dash").
             The game lasted 00:05:03 (1370 turns).

mhtbhm the Ninja (Spriggan Brigand)                 Turns: 1370, Time: 00:05:04

Health: -8/58      AC:  3    Str:  7    XL:     11   Next: 62%
Magic:  13/17      EV: 21    Int: 14    God:    Dithmenos [******]
Gold:   245        SH:  0    Dex: 19    Spells: 10/10 levels left

rFire    . . .     SeeInvis +   a - +2 dagger
rCold    . . .     Faith    .   (shield restricted)
rNeg     . . .     Spirit   .   b - +0 robe
rPois    .         Reflect  .   (helmet restricted)
rElec    .         Harm     .   c - +0 cloak
rCorr    .         Rampage  .   (gloves unavailable)
Will     +....     NoTele   +   (boots unavailable) Stlth *******+++
                                l - amulet of invisibility {+Inv}
HPRegen  0.19/turn              (no ring)
MPRegen  0.15/turn              (no ring)

@: very slightly contaminated, wreathed by umbra, invisible, very quick
A: very small, no large weapons, unfitting armour, see invisible, speed 3
a: Renounce Religion, Evoke Invisibility, Shadow Step, Shadow Form


You were in the Dungeon.
You worshipped Dithmenos.
Dithmenos was exalted by your worship.
You visited 1 branch You collected 245 gold pieces.

Inventory:

Hand Weapons
 a - a +2 dagger (weapon)
Missiles
 d - 8 poisoned darts
 e - 2 curare-tipped darts (quivered)
Armour
 b - a +0 robe (worn)
 c - a +0 cloak (worn)
Jewellery
 l - the amulet of invisibility (around neck) {+Inv}
   (You found it in the Dungeon)

   [amulet of nothing]

   It lets you turn invisible.
Wands
 m - a wand of iceblast (8)
Scrolls
 k - a scroll of blinking
 o - 2 scrolls of identify {unknown}
 p - a scroll of torment {unknown}
Potions
 f - a potion of curing
 g - a potion of heal wounds
 h - a potion of haste
 i - 2 potions of magic
 n - a potion of degeneration {unknown}


   Skills:
 + Level 6.8 Fighting
 + Level 10.3 Short Blades
 + Level 5.9 Throwing
 + Level 6.3 Dodging
 O Level 27 Stealth
 + Level 6.8 Invocations
 + Level 18.0 Evocations


You had 10 spell levels left.
You didn't know any spells.
Your spell library contained the following spells:

 Spells                   Type           Power      Damage    Failure   Level
 Shock                    Conj/Air       0%         1d3       28%         1
 Swiftness                Air            0%         N/A       41%         2
 Gell's Gravitas          Tloc           0%         N/A       65%         3
 Portal Projectile        Hex/Tloc       0%         N/A       65%         3
 Static Discharge         Conj/Air       0%         N/A       65%         3
 Airstrike                Air            0%         N/A       96%         4
 Passage of Golubria      Tloc           N/A        N/A       96%         4
 Lightning Bolt           Conj/Air       0%         1d11      100%        5
 Manifold Assault         Tloc           0%         N/A       100%        5
 Dispersal                Tloc           0%         N/A       100%        6
 Disjunction              Tloc           0%         N/A       100%        8


Dungeon Overview and Level Annotations

Branches:
Dungeon (1/1)

Altars:
Cheibriados
Dithmenos
Elyvilon
Gozag
Hepliaklqana
Kikubaaqudgha
Makhleb
Nemelex Xobeh
Okawaru
Qazlal
Ru
Sif Muna
Trog
Uskayaw
Vehumet
Wu Jian
Xom
Yredelemnul
Zin
The Shining One
Beogh
Jiyva
Lugonu

Shops:
D (!(**:(([!*


Innate Abilities, Weirdness & Mutations

You are very small and have problems with some larger weapons.
You are too small for most types of armour.
You have supernaturally acute eyesight. (SInv)
You cover ground extremely quickly. (Speed+++)


Message History

You start waiting.
Your magical contamination has completely faded away.
Found 63 gold pieces.
You fade into invisibility!
You are very lightly contaminated with residual magic.
Found 57 gold pieces.
Found 41 gold pieces.
A hornet and a demonic crawler come into view.
Found 2 gold pieces.
A hornet and a spriggan rider come into view.
Aiming: Shadow Step
Press: ? - help, Dir - move target, f - hornet
Aim: a hornet (asleep, umbra)
You step into the hornet's shadow.
The helpless hornet fails to defend itself.
You stick the hornet like a pincushion!!!!!
You kill the hornet!
Dithmenos accepts your kill.
The spriggan rider shouts!
The demonic crawler closely misses you. x2
The demonic crawler completely misses you.
The spriggan rider completely misses you.
Your Evocations skill increases to level 18!
You see here 3 gold pieces.
You see here 9 gold pieces.
You see here 7 gold pieces.
The demonic crawler hits you! x3
The spriggan rider hits you from afar with a +0 spear!
You see here 17 gold pieces.
You see here 8 gold pieces.
There is an open door here.
You close the door.
A spriggan rider opens the door.
Aiming: Iceblast
Press: ? - help, Shift-Dir - straight line, f - spriggan rider
Aim: a spriggan rider, wielding a +0 spear (umbra)
The mass of ice explodes!
The iceblast engulfs the spriggan rider!!
The spriggan rider is heavily wounded.
The spriggan rider hits you from afar with a +0 spear!!
You die...

#.....♣..♣..######♣♣♣♣♣..♣.#
##'####'######.['......♣..♣#
#(.#....'.......#♣..♣♣♣.♣[.#
#..#.[###.......#.♣♣.)♣...♣'
############################
#......................# #
#∩...................P.#####
#∩...........)......)P......
#∩†........@.........P...###
###########'##############
#.....i....# ###.y#
#.....s.P..# #....+
###.P....### #....# ###...##
##$$$$# #....####$$$$$#
#........$$$$$+
#........$$$$$#


You could see a spriggan rider and a demonic crawler.

Vanquished Creatures
  Agnes (D)
  A ghost moth (D)
  A spriggan defender (D)
  A spriggan berserker (D)
  A spriggan druid (D)
  8 oklob plants (D)
  2 demonic crawlers (D)
  3 wandering mushrooms (D)
  3 burning bushes (D)
  4 hornets (D)
  A queen bee (D)
  3 scorpions (D)
  4 killer bees (D)
  5 oklob saplings (D)
  7 spriggans (D)
  A river rat (D)
  A rat (D)
  A ballistomycete spore (D)
48 creatures vanquished.

Vanquished Creatures (others)
  A ballistomycete spore (D)
1 creature vanquished.

Grand Total: 49 creatures vanquished

Notes
Turn   | Place    | Note
-------+----------+-------------------------------------------
     0 | D        | mhtbhm the Spriggan Brigand began the quest for the Orb.
     0 | D        | Reached XP level 1. HP: 10/10 MP: 2/2
    13 | D        | Reached skill level 8 in Stealth
    13 | D        | Reached XP level 2. HP: 13/15 MP: 3/3
    39 | D        | Noticed an oklob sapling
    40 | D        | Killed an oklob sapling
    41 | D        | Reached skill level 10 in Stealth
    41 | D        | Reached XP level 3. HP: 18/18 MP: 4/4
    43 | D        | Noticed a scorpion
    44 | D        | Found the amulet of invisibility {+Inv}
    45 | D        | Killed a scorpion
    46 | D        | Reached skill level 12 in Stealth
    46 | D        | Reached XP level 4. HP: 23/23 MP: 5/5
    67 | D        | Found an opulent altar of Gozag.
    67 | D        | Found a hazy altar of Hepliaklqana.
    67 | D        | Found a burning altar of Makhleb.
    67 | D        | Found a sparkling altar of Nemelex Xobeh.
    67 | D        | Found a snail-covered altar of Cheibriados.
    67 | D        | Found a sacrificial altar of Ru.
    67 | D        | Found a shimmering blue altar of Sif Muna.
    67 | D        | Found a shimmering altar of Xom.
    67 | D        | Found a basalt altar of Yredelemnul.
    68 | D        | Found a viscous altar of Jiyva.
    68 | D        | Found a bloodstained altar of Trog.
    68 | D        | Found an ornate altar of the Wu Jian Council.
    69 | D        | Found an iron altar of Okawaru.
    69 | D        | Found a shadowy altar of Dithmenos.
    69 | D        | Found a glowing silver altar of Zin.
    70 | D        | Found an ancient bone altar of Kikubaaqudgha.
    70 | D        | Found a hide-covered altar of Uskayaw.
    71 | D        | Found a stormy altar of Qazlal.
    71 | D        | Found a white marble altar of Elyvilon.
    71 | D        | Found a glowing golden altar of the Shining One.
    72 | D        | Found a corrupted altar of Lugonu.
    72 | D        | Found a radiant altar of Vehumet.
    76 | D        | Reached skill level 13 in Stealth
    76 | D        | Reached skill level 1 in Evocations
    78 | D        | Became a worshipper of Dithmenos the Shadowed
    88 | D        | Reached skill level 14 in Stealth
    88 | D        | Reached XP level 5. HP: 28/28 MP: 4/6
   179 | D        | Noticed a queen bee
   186 | D        | Killed a queen bee
   186 | D        | Reached * piety under Dithmenos
   187 | D        | Reached skill level 17 in Stealth
   187 | D        | Reached XP level 6. HP: 33/33 MP: 4/7
   189 | D        | Reached skill level 18 in Stealth
   190 | D        | Reached ** piety under Dithmenos
   191 | D        | Reached XP level 7. HP: 37/37 MP: 5/8
   193 | D        | Noticed an oklob plant
   196 | D        | Killed an oklob plant
   197 | D        | Reached skill level 5 in Short Blades
   197 | D        | Reached skill level 5 in Throwing
   197 | D        | Reached skill level 20 in Stealth
   197 | D        | Reached skill level 5 in Evocations
   245 | D        | Noticed a burning bush
   248 | D        | Killed a burning bush
   249 | D        | Reached skill level 21 in Stealth
   249 | D        | Reached XP level 8. HP: 42/42 MP: 9/9
   260 | D        | Noticed a burning bush
   260 | D        | Noticed an oklob plant
   261 | D        | Noticed a wandering mushroom
   262 | D        | Killed a burning bush
   262 | D        | Reached *** piety under Dithmenos
   266 | D        | Killed an oklob plant
   267 | D        | Reached skill level 22 in Stealth
   270 | D        | Killed a wandering mushroom
   271 | D        | Reached skill level 5 in Fighting
   271 | D        | Reached skill level 23 in Stealth
   271 | D        | Reached XP level 9. HP: 44/47 MP: 4/10
   327 | D        | Noticed a spriggan druid
   328 | D        | Killed a spriggan druid
   329 | D        | Reached skill level 24 in Stealth
   344 | D        | Noticed an oklob plant conjurer
   345 | D        | Killed an oklob plant conjurer
   345 | D        | Reached **** piety under Dithmenos
   408 | D        | Noticed an oklob plant
   408 | D        | Noticed an oklob plant summoner
   410 | D        | Noticed an oklob plant shifter
   412 | D        | Killed an oklob plant
   413 | D        | Reached skill level 25 in Stealth
   415 | D        | Killed an oklob plant summoner
   417 | D        | Killed an oklob plant shifter
   498 | D        | Noticed a demonic crawler
   500 | D        | Killed a demonic crawler
   501 | D        | Reached skill level 26 in Stealth
   501 | D        | Reached XP level 10. HP: 51/51 MP: 11/11
   574 | D        | Reached ***** piety under Dithmenos
   588 | D        | Found Gef Arho's General Store.
   588 | D        | Found Loahil's General Store.
   595 | D        | Upgraded the game from 0.27-a0-819-g058290f16d to
                  | 0.27-a0-828-g8289197e94
   602 | D        | Reached skill level 1 in Invocations
   603 | D        | Reached skill level 10 in Evocations
   604 | D        | Reached skill level 27 in Stealth
   612 | D        | Found Annuuxt's Antique Armour Emporium.
   612 | D        | Found Uczuicek's Weapon Shoppe.
   707 | D        | Noticed a spriggan rider
   977 | D        | Found Xantoune's Distillery.
   978 | D        | Found Geschest's Assorted Antiques.
   981 | D        | Killed a spriggan rider
  1026 | D        | Noticed Agnes
  1028 | D        | Found Xiceudemp's Book Emporium.
  1028 | D        | Found Yveishrer's Weapon Shoppe.
  1029 | D        | Killed Agnes
  1030 | D        | Reached skill level 5 in Dodging
  1067 | D        | Noticed a spriggan defender
  1070 | D        | Killed a spriggan defender
  1071 | D        | Reached skill level 15 in Evocations
  1071 | D        | Reached XP level 11. HP: 52/56 MP: 9/15
  1085 | D        | Noticed a spriggan berserker
  1087 | D        | Killed a spriggan berserker
  1120 | D        | Noticed a spriggan rider
  1123 | D        | Killed a spriggan rider
  1124 | D        | Reached skill level 5 in Invocations
  1252 | D        | Noticed a ghost moth
  1253 | D        | Found Hemedeab's Distillery.
  1253 | D        | Found Jyvelocw's Antique Weapon Emporium.
  1253 | D        | Found Boutsaco's Weapon Shoppe.
  1256 | D        | Killed a ghost moth
  1257 | D        | Reached skill level 10 in Short Blades
  1276 | D        | Noticed an oklob plant shifter
  1276 | D        | Noticed an oklob plant meteorologist
  1280 | D        | Killed an oklob plant meteorologist
  1280 | D        | Reached ****** piety under Dithmenos
  1288 | D        | Killed an oklob plant shifter
  1350 | D        | Noticed a spriggan rider
  1370 | D        | Mangled by a spriggan rider

Illustrated notes

Levels and vault maps discovered:
D:        dungeon_sprint_fedhas [sprint_temple]

Skill      XL: |  1  2  3  4  5  6  7  8  9 10 11 |
---------------+----------------------------------+-----
Stealth        | 8 10 12 14 17 18 21 23 26 27 | 27.0
Fighting       | 2 3 4 5 6 |  6.8
Dodging        | 2 3 5 6 |  6.3
Short Blades   | 3 4 5 6 9 10 | 10.3
Throwing       | 3 4 5 |  5.9
Evocations     | 1 3 4 5 7 9 15 18 | 18.0
Invocations    | 4 6 |  6.8

Action                   |  1- 3 |  4- 6 |  7- 9 | 10-12 || total
-------------------------+-------+-------+-------+-------++-------
Melee: Dagger            |     8 |     7 |    14 |    44 ||    73
Throw: Dart              |     1 |       |       |       ||     1
Invok: Shadow Step       |       |       |     2 |     7 ||     9
 Abil: Evoke Invisibilit |       |     2 |     2 |     4 ||     8
Evoke: Wand              |       |       |       |     1 ||     1
  Use: Potion            |       |       |       |     2 ||     2
 Stab: Sleeping          |     2 |     7 |    14 |    20 ||    43
Armor: Robe              |     1 |       |       |       ||     1
Dodge: Dodged            |     3 |       |       |    13 ||    16

Table legend: (Time is in decaauts)
 A = Elapsed time spent in this place.
 B = Non-inter-level travel time spent in this place.
 C = Inter-level travel time spent in this place.
 D = Time resting spent in this place.
 E = Time spent auto-exploring this place.
 F = Levels seen in this place.
 G = Mean time per level.
                   A        B        C        D        E       F      G
               +--------+--------+--------+--------+--------+-----+--------+
         Total |   1124 |   1037 |     87 |    634 |      1 |   1 | 1124.0 |
       Dungeon |   1124 |   1037 |     87 |    634 |      1 |   1 | 1124.0 |
               +--------+--------+--------+--------+--------+-----+--------+

Top non-repeatable levels by time:
       D: 1124 daAuts
